 Dungeon Crawl Stone Soup version 0.29.1-12-g30fa7ad0bf (webtiles) character file.

Game seed: 15005929526673060512

81 GeoRichter the Charlatan (level 4, -1/32 HPs)
             Began as a Demonspawn Artificer on Dec 19, 2022.
             Was an Initiate of Sif Muna.
             Succumbed to an orc priest's poison
             ... on level 3 of the Dungeon.
             The game lasted 00:04:32 (2641 turns).

GeoRichter the Charlatan (Demonspawn Artificer)     Turns: 2641, Time: 00:04:32

Health: -1/32      AC:  5    Str: 13    XL:     4   Next: 19%
Magic:  6/6        EV: 11    Int: 16    God:    Sif Muna [......]
Gold:   21         SH:  0    Dex: 13    Spells: 6/6 levels left

rFire   . . .      SeeInvis .   j - +0 dagger (venom)
rCold   . . .      Faith    .   (no shield)
rNeg    . . .      Spirit   .   b - +0 leather armour
rPois   .          Reflect  .   (no helmet)
rElec   .          Harm     .   (no cloak)
rCorr   +          Rampage  .   u - +1 pair of gloves
Will    .....                   (no boots)
Stlth   +.........              (no amulet)
HPRegen 0.10/turn               l - ring of resist corrosion
MPRegen 0.10/turn               (no ring)

@: mighty, lethally poisoned (-1 -> -16)
A: big brain 1
a: Renounce Religion


You were on level 3 of the Dungeon.
You worshipped Sif Muna.
Sif Muna was noncommittal.
You visited 1 branch of the dungeon, and saw 3 of its levels.

You collected 185 gold pieces.
You spent 164 gold pieces at shops.

Inventory:

Hand Weapons
 j - a +0 dagger of venom (weapon)
   (You took it off a kobold on level 1 of the Dungeon)
Armour
 b - a +0 leather armour (worn)
 u - a +1 pair of gloves (worn)
   (You found it on level 3 of the Dungeon)
Jewellery
 i - a ring of ice
   (You found it on level 1 of the Dungeon)
 l - a ring of resist corrosion (left hand)
   (You found it on level 2 of the Dungeon)
Wands
 c - a wand of light (5) (quivered)
   (You found it on level 2 of the Dungeon)
 d - a wand of charming (13)
 e - a wand of iceblast (5)
Scrolls
 p - a scroll of torment {unknown}
 q - a scroll of poison {unknown}
 r - a scroll of noise {unknown}
 s - a scroll of vulnerability {unknown}
 t - 2 scrolls of enchant armour
Potions
 a - 2 potions of flight {unknown}
 f - a potion of might
 g - a potion of mutation {unknown}
 h - a potion of invisibility {unknown}
 k - a potion of haste {unknown}
 m - a potion of resistance {unknown}
 o - a potion of heal wounds {unknown}


   Skills:
 - Level 1.0 Fighting
 - Level 1.7 Armour
 - Level 0.8 Dodging
 - Level 0.8 Stealth
 + Level 1.6 Spellcasting
 * Level 3.0 Poison Magic
 - Level 3.2 Evocations


You had 6 spell levels left.
You didn't know any spells.
Your spell library contained the following spells:

 Spells                   Type           Power      Damage    Failure   Level
 Olgreb's Toxic Radiance  Pois           11%        N/A       61%         4
 Ozocubu's Refrigeration  Ice            0%         4d7       100%        7
 Ignition                 Fire           0%         3d3       100%        8


Dungeon Overview and Level Annotations

Branches:
Dungeon (3/15) Zot: 15360

Altars:
Kikubaaqudgha
Nemelex Xobeh
Sif Muna

Shops:
D:3 ?


Innate Abilities, Weirdness & Mutations

You have an unusually large brain. (Int +2)


Message History

Anything else - Cancel.
Gang up on whom?
Aim: an orc, wielding a +0 dagger Attack!
Your orc priest mumbles some strange prayers to Beogh against the orc.
The orc writhes in agony!
The orc dies!
Sif Muna accepts your kill. What are your orders? t - Shout!
Orders for allies: a - Attack new target. r - Retreat! s - Stop attacking. g - Guard the area. f - Follow me.
Anything else - Cancel.
Gang up on whom?
Aim: an orc, wielding a +0 whip and quivering boomerangs Attack!
Your orc priest barely misses the orc.
The orc closely misses you.
Your orc priest hits the orc with a +0 dagger of venom.
The orc is poisoned.
The orc attacks as you move away! The orc hits you with a +0 whip.
* * * LOW HITPOINT WARNING * * *
The orc hits your orc priest with a +0 whip.
Your orc priest hits the orc with a +0 dagger of venom.
The orc dies!
Sif Muna accepts your kill.
Hit: j) +0 dagger (venom)
Aim: an orc priest, wielding a +0 dagger of venom (severely wounded, charmed, poisoned, friendly, about 38% to evade your +0 dagger of venom) Really attack your orc priest?
You completely miss your orc priest.
The orc priest is no longer charmed.
The orc priest hits you but does no damage.
You are lethally poisoned!
Aim: an orc priest, wielding a +0 dagger of venom (severely wounded, poisoned, 74% to hit)
The bolt of light misses the orc priest.
* * * LOW HITPOINT WARNING * * *
You feel very sick.
The orc priest hits you with a +0 dagger of venom.
* * * LOW HITPOINT WARNING * * *
You are more poisoned.
Aim: an orc priest, wielding a +0 dagger of venom (severely wounded, poisoned, 74% to hit)
The bolt of light hits the orc priest!
You kill the orc priest!
Sif Muna accepts your kill.
* * * LOW HITPOINT WARNING * * *
You feel very sick.
Your Poison Magic skill increases to level 3!
It was a potion of might.
You feel very mighty all of a sudden.
You die...

.#.#....#.####.#######.#.###
...'...#........>...#..#.#
.###......#.#.[#.####.##.#
## #.#.∩.##.#..#....#.##<#
#......#.#.......#.####
#...##...#..#..###.#
#....##..#.....# #.#####
#....##.##.##.## #.....#
#######......@.#######.#
#####.#).......#.#
#.#).#####[#.##### #.#)##
#...#.....# #...#
#.#####.### #...#.#
#.........# #.....#)#
########### #.#.. #.# # #..
..#


There were no monsters in sight!

Vanquished Creatures
  An orc priest (D:3)
  2 adders (D:2)
  A dart slug (D:3)
  7 bats
  6 endoplasms
  A giant cockroach (D:2)
  2 goblins
  5 hobgoblins
  A quokka (D:2)
  A ball python (D:1)
  4 frilled lizards
  7 kobolds
  A rat (D:2)
39 creatures vanquished.

Vanquished Creatures (collateral kills)
  An adder (D:3)
  3 orcs (D:3)
4 creatures vanquished.

Vanquished Creatures (others)
  An orc (D:3)
1 creature vanquished.

Grand Total: 44 creatures vanquished

Notes
Turn   | Place    | Note
-------+----------+-------------------------------------------
     0 | D:1      | GeoRichter the Demonspawn Artificer began the quest for the
                  | Orb.
     0 | D:1      | Reached XP level 1. HP: 15/15 MP: 1/1
    75 | D:1      | Found a faded altar of an unknown god.
   835 | D:1      | Reached skill level 1 in Poison Magic
   835 | D:1      | Gained mutation: You have an unusually large brain. (Int
                  | +2) [demonic ancestry]
   835 | D:1      | Reached XP level 2. HP: 20/21 MP: 2/2
  1579 | D:2      | Reached skill level 1 in Spellcasting
  1746 | D:2      | Reached XP level 3. HP: 20/26 MP: 4/4
  2263 | D:2      | Found a sparkling altar of Nemelex Xobeh.
  2482 | D:3      | Found an ancient bone altar of Kikubaaqudgha.
  2484 | D:3      | Found a shimmering blue altar of Sif Muna.
  2503 | D:3      | Became a worshipper of Sif Muna the Loreminder
  2525 | D:3      | Found Pyije's Magic Scroll Boutique.
  2532 | D:3      | Bought a scroll of enchant armour for 82 gold pieces
  2532 | D:3      | Bought a scroll of enchant armour for 82 gold pieces
  2634 | D:3      | Reached XP level 4. HP: 13/32 MP: 6/6
  2641 | D:3      | Succumbed to an orc priest's poison

Illustrated notes

Levels and vault maps discovered:
D:1:      matt_arrival_grand_opening, layout_basic,
          ebering_ecumenical_altar_box, nicolae_concentric_dashed_squares_wild
D:2:      layout_rooms, basic_altar
D:3:      layout_basic, zin_treasury,
          chequers_temple_overflow_statue_of_worship, serial_shops,
          nicolae_shop_stone

Skill      XL: |  1  2  3  4 |
---------------+-------------+-----
Poison Magic   | 1 2 3 |  3.0
Spellcasting   | 1 |  1.6
Fighting       | |  1.0
Armour         | |  1.7
Dodging        | |  0.8
Stealth        | |  0.8
Evocations     | |  3.2

Action                   |  1- 3 |  4- 6 || total
-------------------------+-------+-------++-------
Melee: Dagger            |   122 |     1 ||   123
       Club              |     3 |       ||     3
       Punch             |     1 |       ||     1
Evoke: Wand              |    17 |     2 ||    19
  Use: Potion            |       |     1 ||     1
 Stab: Sleeping          |     2 |       ||     2
Armor: Leather armour    |    55 |     1 ||    56
Dodge: Dodged            |    76 |     1 ||    77
